 Dungeon Crawl Stone Soup version 0.22.1-2-g9c5b331383 (webtiles) character file.

816 Freyura the Cudgeler (level 7, -3/61 HPs)
             Began as a Minotaur Fighter on Dec 8, 2018.
             Was an Initiate of the Shining One.
             Slain by Pikel
             ... wielding a +0 whip of flaming
              (7 damage)
             ... on level 5 of the Dungeon.
             The game lasted 00:13:30 (3611 turns).

Freyura the Cudgeler (Minotaur Fighter)             Turns: 3611, Time: 00:13:31

Health: -3/61      AC:  7    Str: 25    XL:     7   Next: 62%
Magic:  6/6        EV:  8    Int:  5    God:    the Shining One [......]
Gold:   126        SH: 13    Dex: 11    Spells: 6/6 levels left

rFire    . . .     SeeInvis .   a - +0 flail
rCold    . . .     Gourm    .   c - +0 shield
rNeg     . . .     Faith    .   b - +0 scale mail
rPois    .         Spirit   .   (helmet restricted)
rElec    .         Reflect  +   r - +2 cloak {MR+}
rCorr    .         Harm     .   d - +0 pair of gloves
MR       +....                  (no boots)
Stlth    ..........             l - +3 amulet of reflection
HPRegen  0.20/turn              o - +4 ring of strength
MPRegen  0.10/turn              (no ring)

@: corroded, glowing, heavily drained
A: retaliatory headbutt, horns 2
a: Renounce Religion


You were on level 5 of the Dungeon.
You worshipped the Shining One.
The Shining One was noncommittal.
You were full.

You visited 2 branches of the dungeon, and saw 6 of its levels.

You collected 126 gold pieces.

Inventory:

Hand Weapons
 a - a +0 flail (weapon)
Armour
 b - a +0 scale mail (worn)
 c - a +0 shield (worn)
 d - a +0 pair of gloves (worn)
 m - a scarf of cloud immunity
 r - a +2 cloak of magic resistance (worn)
 u - a +0 large shield
Jewellery
 e - an uncursed amulet of harm
 l - a +3 amulet of reflection (around neck)
 o - a +4 ring of strength (left hand)
Wands
 p - a wand of iceblast (5)
Scrolls
 h - a scroll of identify
 j - 3 scrolls of remove curse
 k - a scroll of enchant weapon {unknown}
 s - a scroll of amnesia {unknown}
Potions
 g - a potion of agility
 i - 6 potions of curing
 n - a potion of flight
 q - a potion of ambrosia
 t - a potion of heal wounds
Comestibles
 f - 4 rations


   Skills:
 + Level 5.4(3.6) Fighting
 * Level 6.4(4.6) Maces & Flails
 + Level 5.4(3.6) Armour
 + Level 3.5(1.8) Dodging
 + Level 5.5(3.7) Shields
 + Level 0.6(0.0) Invocations


You had 6 spell levels left.
You didn't know any spells.
Your spell library contained the following spells:

 Spells                   Type           Power        Failure   Level  Hunger
 Beastly Appendage        Tmut           #.....       99%         1    ##.....
 Sticks to Snakes         Tmut           #.......     100%        2    ###....
 Spider Form              Tmut/Pois      #.........   100%        3    ####...
 Ice Form                 Ice/Tmut       #.......     100%        4    #####..
 Blade Hands              Tmut           #.........   100%        5    ######.


Dungeon Overview and Level Annotations

Branches:
Dungeon (5/15)             Temple (1/1) D:4

Altars:
Fedhas
Gozag
Hepliaklqana
Makhleb
Nemelex Xobeh
Okawaru
Ru
Sif Muna
Uskayaw
Vehumet
Wu Jian
Xom
Yredelemnul
The Shining One

Shops:
D:4 (%

Annotations:
D:5 Pikel


Innate Abilities, Weirdness & Mutations

You reflexively headbutt those who attack you in melee.
You have a pair of horns on your head.


Message History

Pikel is lightly wounded.
The slave barely misses you. You furiously retaliate!
You headbutt the slave. Pikel hits you with a whip of flaming. Pikel burns you.
You block the slave's attack. x2; The slave hits you but does no damage.
Pikel zaps a wand.
The bolt of acid hits you! The acid corrodes you!
You are splashed with acid!
The acid burns!
* * * LOW HITPOINT WARNING * * *
It is a wand of acid (5).
The slave completely misses you.
You barely miss Pikel. You headbutt Pikel.
Pikel is lightly wounded.
You block the slave's attack. The slave barely misses you. The slave hits you!
* * * LOW HITPOINT WARNING * * *
You block the slave's attack. You block Pikel's attack.
The slave hits you but does no damage.
You closely miss Pikel.
Pikel is lightly wounded.
The slave closely misses you. The slave hits you.
* * * LOW HITPOINT WARNING * * *
You block the slave's attack. Pikel hits you with a whip of flaming!
You die...

###.......[..#
##....?........
...............
....$..........
...............
.......)......#
.......<......#
...$..p......##
......p@.....#
......pKp...##
..........###
.........##
.........#
########.. #.
#.


You could see Pikel and 4 slaves.

Vanquished Creatures
  The ghost of mdsm the Chiller, an amateur HuIE (D:3)
  A sky beast (D:3)
  The ghost of meralisa the Ruffian, an amateur NaTm (D:3)
  The ghost of oldnick the Magician, an amateur OpWz (D:3)
  A scorpion (D:4)
  Crazy Yiuf (D:3)
  A centaur skeleton (D:4)
  A bullfrog skeleton (D:4)
  An orc wizard (D:3)
  A worker ant (D:4)
  Robin (D:2)
  4 adders
  4 gnolls
  An ooze (D:3)
  An adder skeleton (D:4)
  A worm (D:3)
  2 dart slugs (D:2)
  2 leopard geckos (D:1)
  9 orcs (D:3)
  7 bats
  7 giant cockroaches
  16 goblins
  15 hobgoblins
  4 jackals (D:2)
  A quokka (D:4)
  3 ball pythons
  A frilled lizard (D:2)
  9 kobolds
  8 rats
106 creatures vanquished.

Vanquished Creatures (others)
  A withered plant (D:3)
1 creature vanquished.

Grand Total: 107 creatures vanquished

Notes
Turn   | Place    | Note
-------+----------+-------------------------------------------
     0 | D:1      | Freyura the Minotaur Fighter began the quest for the Orb.
     0 | D:1      | Reached XP level 1. HP: 19/19 MP: 0/0
    60 | D:1      | Reached XP level 2. HP: 25/27 MP: 1/1
   103 | D:1      | Reached skill level 3 in Maces & Flails
   234 | D:1      | Reached XP level 3. HP: 32/33 MP: 2/2
   363 | D:1      | Reached skill level 1 in Dodging
   609 | D:2      | Noticed Robin
   858 | D:2      | Killed Robin
   858 | D:2      | Reached XP level 4. HP: 17/40 MP: 3/3
  1262 | D:2      | Reached skill level 4 in Maces & Flails
  1370 | D:2      | Reached XP level 5. HP: 41/46 MP: 4/4
  1550 | D:3      | Found a runed gate.
  1550 | D:3      | Found a runed gate.
  1931 | D:3      | Noticed a sky beast
  1951 | D:3      | HP: 1/47 [sky beast (6)]
  1952 | D:3      | Killed a sky beast
  1952 | D:3      | Reached skill level 5 in Maces & Flails
  1952 | D:3      | Reached XP level 6. HP: 1/53 MP: 5/5
  2276 | D:3      | Found a runed gate.
  2278 | D:3      | Noticed mdsm's ghost (amateur HuIE)
  2278 | D:3      | Noticed meralisa's ghost (amateur NaTm)
  2278 | D:3      | Noticed oldnick's ghost (amateur OpWz)
  2399 | D:3      | Found a runed door.
  2497 | D:3      | Noticed Crazy Yiuf
  2502 | D:3      | Killed Crazy Yiuf
  2582 | D:3      | Killed meralisa's ghost
  2582 | D:3      | Reached skill level 5 in Shields
  2592 | D:3      | Killed mdsm's ghost
  2592 | D:3      | Reached skill level 5 in Fighting
  2592 | D:3      | Reached skill level 5 in Armour
  2592 | D:3      | Reached XP level 7. HP: 45/61 MP: 6/6
  2601 | D:3      | Killed oldnick's ghost
  2601 | D:3      | Reached skill level 6 in Maces & Flails
  2849 | D:4      | Found a sacrificial altar of Ru.
  2857 | D:4      | Found a staircase to the Ecumenical Temple.
  2869 | Temple   | Entered the Ecumenical Temple
  2967 | Temple   | Became a worshipper of the Shining One
  3087 | D:4      | Found Assoesow's Food Emporium.
  3155 | D:4      | Found Ritog's Weapon Shop.
  3449 | D:4      | Found a hazy altar of Hepliaklqana.
  3604 | D:5      | Entered Level 5 of the Dungeon
  3604 | D:5      | Noticed Pikel
  3611 | D:5      | Slain by Pikel

Skill      XL: |  1  2  3  4  5  6  7 |
---------------+----------------------+-----
Maces & Flails | 3 4 5 6 |  6.4
Dodging        | 1 2 3 |  3.5
Armour         | 4 5 |  5.4
Fighting       | 4 5 |  5.4
Shields        | 4 5 |  5.5
Invocations    | |  0.6

Action                   |  1- 3 |  4- 6 |  7- 9 || total
-------------------------+-------+-------+-------++-------
Melee: Flail             |    58 |   159 |    27 ||   244
       Headbutt          |     4 |    18 |     9 ||    31
  Use: Scroll            |     1 |     3 |     5 ||     9
       Potion            |     1 |       |       ||     1
  Eat: Ration            |       |     2 |     2 ||     4
Armor: Scale mail        |    33 |    76 |    12 ||   121
Dodge: Dodged            |    24 |    59 |    14 ||    97
Block: Shield            |    33 |   105 |    18 ||   156
